 Dungeon Sprint DCSS version 0.20-a0-351-gc9b4002 (webtiles) character file.

11909 esc the Unseen (level 11, 0/59 (60) HPs)
             Began as a Spriggan Enchanter on Dec 26, 2016.
             Was the Champion of Zin.
             Slain by a 12-headed hydra (9 damage)
             ... in the Dungeon (Sprint I: "Red Sonja").
             The game lasted 00:19:57 (2011 turns).

esc the Unseen (Spriggan Enchanter)                 Turns: 2011, Time: 00:19:58

HP:   0/59 (60)     AC:  3    Str:  4    XL:     11   Next: 55%
MP:   21/30         EV: 37    Int: 21    God:    Zin [******]
Gold: 497           SH:  0    Dex: 16    Spells: 22/39 levels left

rFire  + . .     SeeInvis +     n - +3 dagger (distort) {!w}
rCold  . . .     Gourm    .     i - +0 robe {MR+}
rNeg   . . .     Faith    .     (shield restricted)
rPois  .         Spirit   .     l - +1 hat
rElec  .         Reflect  .     (no cloak)
rCorr  .         Harm     .     (gloves unavailable)
MR     ++...     NoTele   +     (boots unavailable)
Stlth  +++++++...               s - amulet of regeneration {+regen, !d}
                                r - +5 ring of evasion
                                q - ring of protection from fire {rF+, !d}

@: repel missiles, very quick
A: unfitting armour, see invisible, herbivore 3, speed 3, slow metabolism 2
a: Recite, Vitalisation, Imprison, Sanctuary, Donate Gold, Cure All Mutations,
Renounce Religion


You were in the Dungeon.
You worshipped Zin.
Zin was exalted by your worship.
You were not hungry.

You visited 1 branch You collected 2667 gold pieces.
You spent 2137 gold pieces at shops.
You donated 33 gold pieces to Zin.

Inventory:

Hand Weapons
 n - a +3 dagger of distortion (weapon) {!w}
   (You took it off Sonja in the Dungeon)
Armour
 i - a +0 robe of magic resistance (worn)
   (You took it off Sigmund in the Dungeon)
 l - a +1 hat (worn)
   (You bought it in a shop in the Dungeon)
Jewellery
 q - a ring of protection from fire (left hand) {rF+, !d}
   (You bought it in a shop in the Dungeon)
 r - a +5 ring of evasion (right hand)
   (You bought it in a shop in the Dungeon)
 s - an amulet of regeneration (around neck) {+regen, !d}
   (You bought it in a shop in the Dungeon)
Scrolls
 b - a scroll of recharging
 j - a scroll of blinking {!r}
 p - a scroll of amnesia
 u - a scroll of identify
Potions
 a - a potion of ambrosia
 e - 4 potions of curing
 f - a potion of heal wounds
 g - a potion of haste
 h - 2 potions of magic
 o - a potion of cancellation
Books
 c - a book of Maledictions
 m - a book of Minor Magic
   (You found it in the Dungeon)
 t - a book of Cantrips
   (You bought it in a shop in the Dungeon)
Comestibles
 d - 4 bread rations {@e1}
 k - 4 fruits


   Skills:
 + Level 8.8 Fighting
 - Level 12.7 Short Blades
 + Level 16.8 Dodging
 + Level 18.4 Stealth
 + Level 14.5 Spellcasting
 + Level 14.7 Hexes


You had 22 spell levels left.
You knew the following spells:

 Your Spells              Type           Power        Failure   Level  Hunger
a - Ensorcelled Hibernat  Hex/Ice        #####.       1%          2    None
b - Tukima's Dance        Hex            ######..     1%          3    None
c - Confuse               Hex            ######..     1%          3    None
d - Dazzling Spray        Conj/Hex       #####.       1%          3    None
e - Blink                 Tloc           N/A          8%          2    None
f - Repel Missiles        Chrm/Air       ###...       8%          2    None
g - Apportation           Tloc           ###.......   4%          1    None
v - Corona                Hex            ######.      0%          1    None


Dungeon Overview and Level Annotations

Branches:
Dungeon (1/1)

Altars:
Cheibriados
Dithmenos
Elyvilon
Fedhas
Gozag
Hepliaklqana
Kikubaaqudgha
Makhleb
Nemelex Xobeh
Okawaru
Qazlal
Ru
Sif Muna
Trog
Uskayaw
Vehumet
Xom
Yredelemnul
Zin
The Shining One
Jiyva
Lugonu

Shops:
D }?}?[((*!=*(?:%!?([[[


Innate Abilities, Weirdness & Mutations

You are very small and have problems with some larger weapons.
You are too small for most types of armour.
You have supernaturally acute eyesight. (SInv)
You are a herbivore.
You cover ground extremely quickly.
You need consume almost no food.


Message History

You closely miss the hog. You hit the hog but do no damage.
Space bends around the hog.
The hog completely misses you.
You closely miss the hog. The hog completely misses you.
You hit the hog.
Space warps horribly around the hog!
You kill the hog!
You barely miss the hog. You hit the hog.
Space warps horribly around the hog!
The hog completely misses you.
You hit the hog.
The hog disappears!
The hog completely misses you.
There is an open door, spattered with blood here.
Things that are here:
a hog corpse x2
You hit the hog.
Space bends around the hog.
The hog completely misses you.
You hit the hog. The hog completely misses you.
You hit the hog. You hit the hog.
Space bends around the hog.
The hog bites you.
You take 1 damage, and have 53/59 hp.
You barely miss the hog. You hit the hog but do no damage.
Space warps horribly around the hog!
You kill the hog!
No target in view!
Things that are here:
a hog corpse; a lindwurm corpse
There is an open door, spattered with blood here.
Things that are here:
a hog corpse x2
You start resting.
Health restored: 59 You open the door.
A hydra and a floating eye come into view.
The 12-headed hydra roars!
The floating eye turns its gaze towards you.
Aim: a 12-headed hydra (purple smoke, chance to defeat MR: 47%)
Okay, then.
Aim: a 12-headed hydra (purple smoke, chance to defeat MR: 36%)
The 12-headed hydra easily resists.
The 12-headed hydra completely misses you. x2
The 12-headed hydra closely misses you.
The 12-headed hydra completely misses you.
The 12-headed hydra misses you.
The 12-headed hydra completely misses you.
The 12-headed hydra closely misses you. The 12-headed hydra misses you.
The 12-headed hydra closely misses you. The 12-headed hydra misses you.
The 12-headed hydra barely misses you. The 12-headed hydra closely misses you.
You now have 28/30 mp.
Aim: a 12-headed hydra (purple smoke, chance to defeat MR: 36%)
The 12-headed hydra easily resists.
The 12-headed hydra completely misses you.
The 12-headed hydra bites you!
The 12-headed hydra completely misses you.
The 12-headed hydra misses you.
The 12-headed hydra completely misses you.
The 12-headed hydra barely misses you. x2
The 12-headed hydra completely misses you. x3
The 12-headed hydra closely misses you.
The 12-headed hydra completely misses you.
You take 9 damage, and have 50/59 hp.
You now have 26/30 mp.
Aim: a 12-headed hydra (chance to defeat MR: 36%)
The 12-headed hydra easily resists.
The 12-headed hydra completely misses you.
The 12-headed hydra bites you.
The 12-headed hydra completely misses you. x5
The 12-headed hydra bites you!
The 12-headed hydra completely misses you. x3
The 12-headed hydra barely misses you.
You take 14 damage, and have 36/59 hp.
MASSIVE DAMAGE!!
You now have 24/30 mp.
Aim: a 12-headed hydra (purple smoke, chance to defeat MR: 36%)
The 12-headed hydra easily resists.
The 12-headed hydra completely misses you.
The 12-headed hydra closely misses you.
The 12-headed hydra completely misses you.
The 12-headed hydra bites you!
The 12-headed hydra completely misses you. x2
The 12-headed hydra bites you!
* * * LOW HITPOINT WARNING * * *
The 12-headed hydra completely misses you. x4
The 12-headed hydra bites you.
* * * LOW HITPOINT WARNING * * *
The floating eye's stare focuses on you.
You take 26 damage, and have 10/59 hp.
MASSIVE DAMAGE!!
You now have 23/30 mp.
Really read
j - a scroll of blinking {!r}?
Blink to where?
You can't see that place. [the floor.]
Okay, then.
Aim: a 12-headed hydra (purple smoke, chance to defeat MR: 36%)
The 12-headed hydra easily resists.
The 12-headed hydra closely misses you.
The 12-headed hydra completely misses you. x6
The 12-headed hydra misses you.
The 12-headed hydra completely misses you.
The 12-headed hydra bites you.
* * * LOW HITPOINT WARNING * * *
The 12-headed hydra barely misses you. The 12-headed hydra bites you!
You die...

#####################
..#..#§§§§§§§§§§@DG$#
..##'#§####.§§§§##$.+
..'§§#§# ##§§§## ##
###..§§# ###+#
.##+#### .# §# '###
.'.#


You could see a 12-headed hydra and a floating eye.

Vanquished Creatures
  2 centaur warriors (D)
  Sonja (D)
  2 unseen horrors (D)
  A deep troll (D)
  A lindwurm (D)
  An oklob plant (D)
  6 shining eyes (D)
  2 kobold demonologists (D)
  4 demonic crawlers (D)
  A hornet (D)
  A slime creature (D)
  2 redbacks (D)
  Sigmund (D)
  A yak (D)
  7 hogs (D)
  6 floating eyes (D)
  7 necrophages (D)
  An ogre (D)
  8 jellies (D)
  Ijyb (D)
  2 ballistomycetes (D)
  A ballistomycete spore (D)
59 creatures vanquished.

Vanquished Creatures (others)
  A shining eye (D)
  3 hornets (D)
  A hog (D)
  A ballistomycete (D)
  A ballistomycete spore (D)
7 creatures vanquished.

Grand Total: 66 creatures vanquished

Notes
Turn   | Place    | Note
-------+----------+-------------------------------------------
     0 | D        | esc the Spriggan Enchanter began the quest for the Orb.
     0 | D        | Reached XP level 1. HP: 9/9 MP: 5/5
     1 | D        | Noticed Ijyb
    16 | D        | Killed Ijyb
    16 | D        | Reached skill level 2 in Short Blades
    16 | D        | Reached skill level 4 in Dodging
    16 | D        | Reached skill level 5 in Stealth
    16 | D        | Reached skill level 4 in Spellcasting
    16 | D        | Reached skill level 4 in Hexes
    16 | D        | Reached XP level 2. HP: 13/13 MP: 6/8
    43 | D        | Learned a level 2 spell: Ensorcelled Hibernation
    43 | D        | Noticed an ogre
    46 | D        | Killed an ogre
    46 | D        | Reached skill level 4 in Short Blades
    46 | D        | Reached skill level 6 in Dodging
    46 | D        | Reached skill level 7 in Stealth
    46 | D        | Reached skill level 5 in Spellcasting
    46 | D        | Reached skill level 6 in Hexes
    46 | D        | Reached XP level 3. HP: 16/16 MP: 9/11
    46 | D        | Reached XP level 4. HP: 21/21 MP: 9/12
    76 | D        | Learned a level 3 spell: Confuse
    80 | D        | Learned a level 3 spell: Tukima's Dance
    84 | D        | Learned a level 3 spell: Dazzling Spray
    84 | D        | Noticed Sigmund
    87 | D        | Killed Sigmund
    87 | D        | Reached skill level 6 in Short Blades
    87 | D        | Reached skill level 8 in Dodging
    87 | D        | Reached skill level 9 in Stealth
    87 | D        | Reached skill level 7 in Spellcasting
    87 | D        | Reached skill level 7 in Hexes
    87 | D        | Reached XP level 5. HP: 24/24 MP: 12/15
   111 | D        | Found a deep blue altar of Sif Muna.
   113 | D        | Found a radiant altar of Vehumet.
   121 | D        | Reached XP level 6. HP: 17/28 MP: 7/17
   254 | D        | Found Tasimem's Magic Scroll Emporium.
   254 | D        | Found an ancient bone altar of Kikubaaqudgha.
   254 | D        | Found a hazy altar of Hepliaklqana.
   254 | D        | Found a stormy altar of Qazlal.
   254 | D        | Found a hide-covered altar of Uskayaw.
   254 | D        | Found a blossoming altar of Fedhas.
   254 | D        | Found a bloodstained altar of Trog.
   254 | D        | Found an iron altar of Okawaru.
   254 | D        | Found a basalt altar of Yredelemnul.
   254 | D        | Found a glowing golden altar of the Shining One.
   254 | D        | Found a snail-covered altar of Cheibriados.
   254 | D        | Found a sacrificial altar of Ru.
   254 | D        | Found a glowing silver altar of Zin.
   254 | D        | Found a shadowy altar of Dithmenos.
   254 | D        | Found a white marble altar of Elyvilon.
   254 | D        | Noticed a yak
   255 | D        | Found an opulent altar of Gozag.
   259 | D        | Killed a yak
   259 | D        | Reached skill level 7 in Short Blades
   259 | D        | Reached skill level 9 in Dodging
   259 | D        | Reached skill level 10 in Stealth
   259 | D        | Reached skill level 8 in Spellcasting
   259 | D        | Reached skill level 8 in Hexes
   260 | D        | Found a sparkling altar of Nemelex Xobeh.
   267 | D        | Became a worshipper of Zin the Law-Giver
   267 | D        | Reached * piety under Zin
   267 | D        | Reached ** piety under Zin
   267 | D        | Reached *** piety under Zin
   267 | D        | Reached **** piety under Zin
   267 | D        | Reached ***** piety under Zin
   267 | D        | Reached ****** piety under Zin
   408 | D        | Found a viscous altar of Jiyva.
   408 | D        | Found a corrupted altar of Lugonu.
   408 | D        | Noticed a slime creature
   409 | D        | Found a burning altar of Makhleb.
   409 | D        | Found a shimmering altar of Xom.
   649 | D        | Killed a slime creature
   649 | D        | Reached skill level 10 in Dodging
   649 | D        | Reached skill level 11 in Stealth
   649 | D        | Reached skill level 9 in Hexes
   649 | D        | Reached XP level 7. HP: 25/32 MP: 13/20
   693 | D        | Killed a hornet
   707 | D        | Killed a hornet
   710 | D        | Killed a hornet
   724 | D        | Noticed Sonja
   728 | D        | Killed Sonja
   728 | D        | Reached skill level 2 in Fighting
   728 | D        | Reached skill level 8 in Short Blades
   728 | D        | Reached skill level 11 in Dodging
   728 | D        | Reached skill level 12 in Stealth
   728 | D        | Reached skill level 9 in Spellcasting
   728 | D        | Reached skill level 10 in Hexes
   728 | D        | Reached XP level 8. HP: 39/39 MP: 18/22
   752 | D        | Noticed a deep troll
   756 | D        | Killed a deep troll
   756 | D        | Reached skill level 3 in Fighting
   756 | D        | Reached skill level 9 in Short Blades
   756 | D        | Reached skill level 12 in Dodging
   756 | D        | Reached skill level 13 in Stealth
   756 | D        | Reached skill level 10 in Spellcasting
   768 | D        | Found Vaosch's Armour Emporium.
   798 | D        | Found Kiseniu's Gadget Boutique.
   838 | D        | Noticed a kobold demonologist
   839 | D        | Noticed a kobold demonologist
   841 | D        | Reached skill level 4 in Fighting
   844 | D        | Killed a kobold demonologist
   844 | D        | Reached skill level 11 in Hexes
   844 | D        | Reached XP level 9. HP: 46/46 MP: 17/24
   848 | D        | Killed a kobold demonologist
   848 | D        | Reached skill level 10 in Short Blades
   848 | D        | Reached skill level 14 in Stealth
   848 | D        | Reached skill level 11 in Spellcasting
   940 | D        | Noticed a shining eye
   940 | D        | Noticed a shining eye
   940 | D        | Noticed a shining eye
   940 | D        | Noticed a shining eye
   940 | D        | Noticed a shining eye
   940 | D        | Noticed a shining eye
   942 | D        | Noticed a shining eye
   942 | D        | Noticed a shining eye
   943 | D        | Killed a shining eye
   943 | D        | Reached skill level 5 in Fighting
   943 | D        | Reached skill level 13 in Dodging
   947 | D        | Killed a shining eye
   947 | D        | Reached skill level 12 in Hexes
   954 | D        | Killed a shining eye
   954 | D        | Reached skill level 15 in Stealth
   960 | D        | Reached skill level 12 in Spellcasting
   962 | D        | Paralysed by a floating eye for 2 turns
   975 | D        | Killed a shining eye
   975 | D        | Reached skill level 6 in Fighting
   975 | D        | Reached skill level 11 in Short Blades
   975 | D        | Reached skill level 14 in Dodging
   975 | D        | Reached XP level 10. HP: 53/53 MP: 4/27
   982 | D        | Killed a shining eye
   987 | D        | Killed a shining eye
  1016 | D        | Found Kuici's Antique Armour Shop.
  1016 | D        | Found Mairphowk's Magic Scroll Shoppe.
  1016 | D        | Found Qedoimm's Antique Weapon Boutique.
  1016 | D        | Found Bokaakau's Gadget Emporium.
  1018 | D        | Killed a shining eye
  1061 | D        | Bought a scroll of identify for 26 gold pieces
  1061 | D        | Bought a scroll of identify for 26 gold pieces
  1061 | D        | Bought a scroll of identify for 26 gold pieces
  1061 | D        | Bought a scroll of identify for 26 gold pieces
  1213 | D        | Noticed a centaur warrior
  1213 | D        | Noticed a centaur warrior
  1216 | D        | Killed a centaur warrior
  1216 | D        | Reached skill level 7 in Fighting
  1216 | D        | Reached skill level 16 in Stealth
  1216 | D        | Reached skill level 13 in Hexes
  1217 | D        | Killed a centaur warrior
  1217 | D        | Reached skill level 12 in Short Blades
  1217 | D        | Reached skill level 15 in Dodging
  1217 | D        | Reached skill level 13 in Spellcasting
  1243 | D        | Noticed an oklob plant
  1245 | D        | Killed an oklob plant
  1275 | D        | Noticed an unseen horror
  1276 | D        | Noticed an unseen horror
  1282 | D        | Killed an unseen horror
  1282 | D        | Reached skill level 17 in Stealth
  1282 | D        | Reached XP level 11. HP: 59/59 MP: 29/29
  1284 | D        | Killed an unseen horror
  1328 | D        | Reached skill level 14 in Hexes
  1386 | D        | Reached skill level 8 in Fighting
  1386 | D        | Reached skill level 16 in Dodging
  1610 | D        | Found Duofrip's General Store.
  1610 | D        | Found Citum's Weapon Shop.
  1610 | D        | Found Imenk's Distillery.
  1612 | D        | Found Zuaxiwn's Jewellery Emporium.
  1612 | D        | Found Kygit's Assorted Antiques.
  1612 | D        | Found Riru's Antique Weapon Shoppe.
  1612 | D        | Found Veceripny's Magic Scroll Boutique.
  1612 | D        | Found Pemoable's Book Emporium.
  1612 | D        | Found Zeohug's Food Shop.
  1612 | D        | Found Melonot's Distillery.
  1616 | D        | Found Afoteetu's Magic Scroll Boutique.
  1617 | D        | Found Dothrol's Antique Armour Emporium.
  1617 | D        | Found Xeir's Weapon Boutique.
  1618 | D        | Found Loanun's Armour Emporium.
  1629 | D        | Bought an embroidered hat for 260 gold pieces
  1639 | D        | Bought a scroll of enchant weapon for 82 gold pieces
  1642 | D        | Bought a scroll labeled ERPHUG VIADUVON for 32 gold pieces
  1642 | D        | Bought a scroll of identify for 64 gold pieces
  1644 | D        | Bought an uncursed ring of protection from fire for 275 gold pieces
  1644 | D        | Bought a +5 ring of evasion for 605 gold pieces
  1644 | D        | Bought an uncursed amulet of regeneration for 330 gold pieces
  1658 | D        | Bought a book of Cantrips for 220 gold pieces
  1660 | D        | Learned a level 1 spell: Apportation
  1663 | D        | Learned a level 2 spell: Blink
  1666 | D        | Learned a level 2 spell: Repel Missiles
  1686 | D        | Bought a bread ration for 55 gold pieces
  1686 | D        | Bought a bread ration for 55 gold pieces
  1686 | D        | Bought a bread ration for 55 gold pieces
  1802 | D        | Reached skill level 14 in Spellcasting
  1910 | D        | Noticed a lindwurm
  1912 | D        | Killed a lindwurm
  1912 | D        | Reached skill level 18 in Stealth
  2006 | D        | Noticed a 12-headed hydra
  2010 | D        | HP: 10/59 [12-headed hydra (6)]
  2011 | D        | Slain by a 12-headed hydra

Vault maps used:
D:        dungeon_sprint_1

Skill      XL: |  1  2  3  4  5  6  7  8  9 10 11 |
---------------+----------------------------------+-----
Short Blades   | 2 4 6 7 8 9 11 12 | 12.7
Dodging        | 4 6 8 10 11 12 14 15 16 | 16.8
Stealth        | 5 7 9 11 12 13 15 17 18 | 18.4
Spellcasting   | 4 5 7 8 9 10 12 13 14 | 14.5
Hexes          | 4 6 7 9 10 11 12 13 14 | 14.7
Fighting       | 2 4 6 7 8 |  8.8

Action                   |  1- 3 |  4- 6 |  7- 9 | 10-12 || total
-------------------------+-------+-------+-------+-------++-------
Melee: Dagger            |    14 |    18 |    13 |   129 ||   174
 Cast: Corona            |     1 |       |       |       ||     1
       Ensorcelled Hiber |       |     9 |    17 |    10 ||    36
       Confuse           |       |     2 |       |    10 ||    12
       Dazzling Spray    |       |       |     1 |    15 ||    16
       Repel Missiles    |       |       |       |     1 ||     1
Invok: Recite            |       |       |       |     2 ||     2
  Use: Potion            |     1 |       |       |       ||     1
       Scroll            |       |       |       |     9 ||     9
 Stab: Sleeping          |     1 |     3 |    12 |    18 ||    34
       Confused          |       |     2 |       |     2 ||     4
       Invisible         |       |       |     1 |     5 ||     6
Armor: Robe              |     3 |       |       |       ||     3
Dodge: Dodged            |     7 |     7 |     6 |   139 ||   159

Vault maps used:
D:        dungeon_sprint_1

Table legend:
 A = Turns spent in this place as a percentage of turns spent in the entire game.
 B = Non-inter-level travel turns spent in this place as a percentage of non-inter-level travel turns spent in the entire game.
 C = Inter-level travel turns spent in this place as a percentage of turns spent in this place.
 D = Turns resting spent in this place as a percentage of non-inter-level travel turns spent in this place.
 E = Turns spent auto-exploring this place as a percentage of non-inter-level travel turns spent in this place.
 F = Non-inter-level travel turns spent in this place divided by the number of levels of this place that you've seen.
                   A       B       C       D       E      F
               +-------+-------+-------+-------+-------+----------------------
         Total | 100.0 | 100.0 |   0.0 |   3.9 |   0.1 | 1050.0
       Dungeon | 100.0 | 100.0 |   0.0 |   3.9 |   0.1 | 1050.0
               +-------+-------+-------+-------+-------+----------------------

Table legend:
 A = Kills in this place as a percentage of kills in entire the game.
 B = Kills by you in this place as a percentage of kills by you in the entire game.
 C = Kills by friends in this place as a percentage of kills by friends in the entire game.
 D = Other kills in this place as a percentage of other kills in the entire game.
 E = Experience gained in this place as a percentage of experience gained in the entire game.
 F = Experience gained in this place divided by the number of levels of this place that you have seen.
                   A       B       C       D       E      F
               +-------+-------+-------+-------+-------+----------------------
         Total | 100.0 | 100.0 |  -nan | 100.0 | 100.0 | 17013.0
       Dungeon | 100.0 | 100.0 |  -nan | 100.0 | 100.0 | 17013.0
               +-------+-------+-------+-------+-------+----------------------
